 Dungeon Crawl Stone Soup version 0.19-a0-944-gb338e1e (webtiles) character file.

333914 matakusis the Warrior (level 21, -2/226 HPs)
             Began as a Demonspawn Gladiator on July 6, 2016.
             Was the Champion of Hepliaklqana.
             Slain by a titan (7 damage)
             ... while paralysed by a lich
             ... on level 2 of the Depths on July 9, 2016.
             The game lasted 05:19:36 (39580 turns).

matakusis the Warrior (Demonspawn Gladiator)       Turns: 39580, Time: 05:19:37

Health: -2/226     AC: 34    Str: 35    XL:     21   Next: 51%
Magic:  0/19       EV:  2    Int: 13    God:    Hepliaklqana [******]
Gold:   2954       SH:  0    Dex: 30    Spells: 3 memorised, 11 levels left

rFire  + + +     SeeInvis +     P - +7 Screaming Sword
rCold  + + +     Gourm    .     M - +12 chain mail "Qystir" {Regen+ Str+3}
rNeg   . . .     Faith    .     e - +1 shield {reflect}
rPois  .         Spirit   +     (helmet unavailable)
rElec  .         Dismiss  .     m - +2 cloak
rCorr  +         Reflect  +     u - +2 pair of gloves {archery}
SustAt .         Harm     .     O - +0 pair of boots of Servitude {rC++ Int+3}
MR     +....     NoTele   +     w - amulet of Vitality {Regen+ HP+15}
Stlth  ..........               S - ring of Myjeemos {rCorr rF++ rC+ Dex+2}
                                Z - ring "Zenac" {-Tele Str+9 Dex+3 Slay+2}

@: paralysed, mighty, flayed, very slightly contaminated, hasted, studying
Fighting, drained, somewhat resistant to hostile enchantments, extremely
unstealthy
A: antennae 3, fangs 1, hooves 1, rugged brown scales 3, agile 2, demonic
guardian 2, fire resistance 1, low mp 1, mutation resistance 1, regeneration 1,
robust 1, magic shield, magic regeneration
a: Recall Ancestor, Ancestor Identity, Transference, Idealise, Renounce Religion


You were on level 2 of the Depths.
You worshipped Hepliaklqana.
Hepliaklqana was exalted by your worship.
You were not hungry.

You visited 6 branches of the dungeon, and saw 32 of its levels.
You visited the Abyss 1 time.
You also visited: Trove, Ossuary and Wizlab.

You collected 4431 gold pieces.
You spent 1477 gold pieces at shops.

Inventory:

Hand Weapons
 P - the +7 Screaming Sword (weapon)
   (You found it on level 3 of the Elven Halls)
 W - the +8 falchion of Peace {slice, +Inv rC- rN+}
   (You took it off a tengu warrior on level 4 of the Depths)

   It inflicts extra damage upon your enemies.
   It makes you vulnerable to cold.
   It protects you from negative energy.
   It lets you turn invisible.
Missiles
 o - a throwing net (quivered)
Armour
 e - a +1 shield of reflection (worn)
 m - a +2 cloak (worn)
 u - a +2 pair of gloves of archery (worn)
 M - the +12 chain mail "Qystir" (worn) {Regen+ Str+3}
   (You found it on level 1 of the Depths)

   It affects your strength (+3).
   It increases your rate of regeneration.
 O - the +0 pair of boots of Servitude (worn) {rC++ Int+3}
   (You acquired it on level 1 of the Elven Halls)

   It affects your intelligence (+3).
   It greatly protects you from cold.
Jewellery
 w - the amulet of Vitality (around neck) {Regen+ HP+15}
   (You found it on level 13 of the Dungeon)

   [amulet of regeneration]

   It affects your health (+15).
   It increases your rate of regeneration.
 K - an uncursed ring of poison resistance
 S - the ring of Myjeemos (right hand) {rCorr rF++ rC+ Dex+2}
   (You found it in a treasure trove)

   [ring of resist corrosion]

   It affects your dexterity (+2).
   It greatly protects you from fire.
   It protects you from cold.
 Y - an uncursed ring of flight
 Z - the ring "Zenac" (left hand) {-Tele Str+9 Dex+3 Slay+2}
   (You found it in a treasure trove)

   [ring of slaying]

   It affects your strength (+9).
   It affects your dexterity (+3).
   It affects your accuracy and damage with ranged weapons and melee attacks
   (+2).
   It prevents most forms of teleportation.
Wands
 b - a wand of heal wounds (8/9)
 k - a wand of acid (4/15)
 t - a wand of lightning (15/15)
 H - a wand of paralysis (16/24)
 J - a wand of digging (9/24)
 L - a wand of teleportation (8/9)
 V - a wand of enslavement (15/24)
Scrolls
 g - 4 scrolls of teleportation
 i - 13 scrolls of remove curse
 s - 2 scrolls of recharging
 v - 5 scrolls of silence
 A - 7 scrolls of enchant weapon
 E - 3 scrolls of identify
 I - 2 scrolls of magic mapping
 T - 4 scrolls of fog
Potions
 a - a potion of brilliance
 j - 2 potions of haste
 l - 10 potions of lignification
 n - 5 potions of magic
 q - 6 potions of curing
 r - a potion of berserk rage
 z - 7 potions of resistance
 B - 5 potions of agility
 C - 2 potions of heal wounds
 F - 5 potions of flight
 G - 2 potions of cancellation
Books
 x - a manual of Fighting
Miscellaneous
 c - a fan of gales
 p - a lamp of fire
 Q - a disc of storms
 X - 2 boxes of beasts
Comestibles
 f - 18 bread rations
 h - 43 fruits
 N - 4 meat rations
 R - 11 beef jerkies


   Skills:
 * Level 19.4(19.0) Fighting
 + Level 16.0(15.6) Long Blades
 - Level 1.7(1.4) Throwing
 * Level 10.2(9.8) Armour
 + Level 17.6(17.2) Dodging
 * Level 17.3(16.9) Shields
 - Level 5.4(5.1) Poison Magic
 - Level 0.2(0.0) Evocations


You had 11 spell levels left.
You knew the following spells:

 Your Spells              Type           Power        Failure   Level  Hunger
a - Olgreb's Toxic Radia  Pois           ##......     95%         4    #####..
b - Confuse               Hex            #.......     100%        3    ####...
c - Swiftness             Chrm/Air       #.......     98%         2    ###....


Dungeon Overview and Level Annotations

Branches:
Dungeon (15/15)            Temple (1/1) D:5            Lair (6/6) D:8
  Swamp (0/4) Lair:4        Snake (0/4) Lair:4        Slime (0/5) Lair:5
    Orc (2/2) D:12            Elf (3/3) Orc:2        Vaults (0/5) D:13
 Depths (5/5) D:15            Zot (0/5) Depths:5

Altars:
Ashenzari
Cheibriados
Dithmenos
Elyvilon
Fedhas
Gozag
Hepliaklqana
Kikubaaqudgha
Makhleb
Nemelex Xobeh
Okawaru
Pakellas
Qazlal
Ru
Sif Muna
Trog
Uskayaw
Vehumet
Xom
Yredelemnul
Zin
The Shining One
Beogh
Jiyva

Shops:
D:10 :*[[   D:11 (   Orc:2 [[(}   Elf:1 =(   Elf:3 *

Portals:
Hell: Depths:1 Depths:2 Depths:3 Depths:4 Depths:5
Abyss: Depths:1 Depths:2 Depths:4
Pandemonium: Depths:2 Depths:3 Depths:4
Ziggurat: Depths:4


Innate Abilities, Weirdness & Mutations

You have a pair of large antennae on your head. (SInv)
You are completely covered in rugged brown scales. (AC +3, +7% HP)
A demonic guardian rushes to your aid.
When hurt, damage is shared between your health and your magic reserves.
You regenerate magic rapidly.
You have very sharp teeth.
You have large cloven feet.
You are very agile. (Dex +4)
Your flesh is heat resistant. (rF+)
Your magical capacity is low. (-10% MP)
You are somewhat resistant to further mutation.
Your natural rate of healing is unusually fast.
You are robust. (+10% HP)


Message History

The shadow dragon completely misses you.
The shadow dragon claws you but does no damage.
The green ugly thing bites you but does no damage.
The lich touches you but does no damage.
The Screaming Sword laughs in a fit of madness.
The monsters around you reel from the noise!
The quicksilver dragon bites you but does no damage.
The quicksilver dragon claws you but does no damage.
The spriggan defender hits you but does no damage.
The lich points at you and mumbles some strange words.
Helpless, you fail to dodge the crystal spear.
* * * LOW HITPOINT WARNING * * *
The lich touches you but does no damage.
The quicksilver dragon bites you but does no damage.
The quicksilver dragon claws you.
* * * LOW HITPOINT WARNING * * *
The green ugly thing engulfs you.
* * * LOW HITPOINT WARNING * * *
The titan hits you!
You die...

#.'.'.'.# #.........(..
###'###'# #.+'''''''''.
#.'.'<#.# #:''''''''''.
#######'# #.''''''''''.
#### #.'.'.'.#
#C''R...W'''. ##.##
#######'# #.'''(D..'''.
#.... #.# #.'V'.<..'''.
#.... #.# #.DiuD.H.'''.
##.... #.#
#.L@Lu''''''.##..... #.#
#.CDLu'''e''.#..###. #.#
#.'V''u'''''.#.##... #.#
#..[.........#.#.... #.#
##############...... #.#
####.≈........
#.############..#..........
#.....................##...
#############.........##...


You could see the friendly Kendra the hexer, a shadow dragon, an iron dragon, a
titan, a golden dragon, a frost giant (paralysed), a quicksilver dragon, a
sphinx, 3 liches, a vampire knight, a deep elf annihilator, a spriggan defender,
4 ugly things, a flayed ghost and a vampire mage.

Vanquished Creatures
  Mara (Depths:3)
  A juggernaut (Depths:4)
  Bai Suzhen (Depths:3)
  Frederick (Depths:5)
  2 caustic shrikes (Depths:3)
  Jory (Depths:3)
  A golden dragon (Depths:4)
  A bone dragon (Abyss:3)
  A Cloud Mage (WizLab)
  Rupert (D:14)
  A tentacled monstrosity (Depths:4)
  3 liches
  A deep elf master archer (Elf:3)
  2 deep elf blademasters
  A quicksilver dragon (Depths:4)
  2 tentacled starspawn (Abyss:3)
  A titan (Depths:4)
  Kirke (D:15)
  3 sphinxes
  2 storm dragons
  A shadow dragon (Depths:4)
  Donald (Orc:2)
  7 fire giants
  3 deep elf sorcerers
  5 frost giants
  A draconian scorcher (Depths:5)
  2 iron dragons
  4 deep elf elementalists
  2 balrugs
  A draconian zealot (Depths:5)
  A war gargoyle (Depths:4)
  A reaper (Depths:4)
  6 stone giants
  2 vampire knights
  2 spriggan defenders (Depths:5)
  9 very ugly things
  Nessos (D:13)
  Azrael (D:13)
  A black draconian (Depths:5)
  5 deep elf annihilators
  6 deep elf demonologists
  2 white draconians (Depths:5)
  5 spark wasps (Depths:4)
  7 deep elf death magi (Elf:3)
  A purple draconian (Depths:5)
  4 ettins
  A blizzard demon (Depths:4)
  4 fire dragons
  2 jiangshi (Depths:5)
  6 deep elf high priests
  4 great orbs of eyes
  A yaktaur captain (Depths:3)
  2 ogre magi (Depths:1)
  6 rakshasas
  7 ice dragons
  7 hydras
  4 spriggan air magi
  5 vault guards (D:13)
  6 centaur warriors
  A catoblepas (Lair:1)
  15 tengu warriors
  A queen ant (Lair:3)
  22 dancing weapons
  6 deep troll shamans
  Erolcha (D:9)
  9 death yaks
  2 small abominations
  A vampire mage (Depths:5)
  8 deep troll earth magi
  4 soul eaters
  3 sun demons
  A shock serpent (shapeshifter) (Depths:3)
  Sonja (D:15)
  11 spriggan berserkers
  21 deep elf knights
  3 unseen horrors
  3 hell knights (Depths:4)
  3 skeletal warriors (Depths:4)
  12 deep trolls
  2 large abominations
  4 iron trolls
  The ghost of tstbtto the Carver, a novice HEFi of Cheibriados (D:7)
  4 giant orange brains
  A quicksilver dragon simulacrum (Depths:4)
  A shadow demon (Depths:2)
  6 deep elf archers
  4 hill giants
  3 orc knights
  3 wizards
  An oklob plant (Lair:4)
  3 necromancers (Depths:4)
  4 orc sorcerers
  19 ugly things
  46 deep elf magi
  A cyclops (D:13)
  8 rust devils (Depths:4)
  3 black mambas
  10 elephants
  A smoke demon (Abyss:3)
  An ice statue (Depths:4)
  2 gargoyles
  An eye of devastation (shapeshifter) (Depths:4)
  7 spiny frogs
  2 komodo dragons
  16 yaktaurs
  A rime drake (Lair:5)
  The ghost of tstbtto the Carver, a novice HEFi of Okawaru (D:6)
  4 kobold demonologists
  7 ice devils
  2 red devils (Depths:4)
  6 tengu conjurers
  4 efreet
  2 ancient zymes (Abyss:3)
  A two-headed ogre (shapeshifter) (Elf:3)
  A polar bear (shapeshifter) (Elf:1)
  A jumping spider (shapeshifter) (Elf:3)
  10 trolls
  8 wind drakes (WizLab)
  A wolf spider simulacrum (Abyss:3)
  2 polar bears (Lair:6)
  A hornet zombie (D:15)
  12 two-headed ogres
  12 blink frogs
  13 slime creatures
  2 meliai zombies
  A flying skull (Depths:4)
  A centaur simulacrum (D:15)
  Sigmund (D:5)
  A redback (shapeshifter) (Depths:3)
  13 spriggans
  26 yaks
  3 shadows (Depths:4)
  6 water elementals
  25 air elementals
  A wyvern (Lair:3)
  6 fire elementals
  4 wraiths
  2 basilisks
  A fire bat (Abyss:3)
  A chaos spawn (Abyss:3)
  A hungry ghost (D:10)
  5 vampire mosquitoes
  A mottled dragon (D:12)
  7 hippogriffs
  A hippogriff (shapeshifter) (Depths:5)
  2 nagas (Lair:4)
  10 insubstantial wisps (WizLab)
  Edmund (D:6)
  3 wargs
  4 soldier ants
  10 water moccasins
  19 orc warriors
  2 ice beasts
  4 porcupines
  3 sky beasts
  5 hell hounds
  7 black bears
  3 eyes of draining
  2 phantoms
  3 wasps
  26 ogres
  An ogre (shapeshifter) (Depths:4)
  4 boggarts
  31 wolves
  24 centaurs
  11 crocodiles
  Blork the orc (D:5)
  3 big kobolds
  16 giant frogs
  3 earth elementals
  A wyvern zombie (D:14)
  2 gnoll sergeants
  6 hexers
  5 scorpions
  6 wights
  2 howler monkeys
  8 crimson imps
  4 giant frog zombies
  3 centaur zombies
  2 quasits
  2 giant frog skeletons
  4 human zombies (Ossuary)
  4 hounds
  3 jellies
  A gnoll shaman (D:6)
  12 orc priests
  19 orc wizards
  11 centaur skeletons
  10 iguanas
  24 worker ants
  22 sheep
  3 mummies (Ossuary)
  A howler monkey zombie (D:8)
  A worker ant zombie (D:11)
  46 river rats
  11 adders
  11 gnolls
  3 scorpion zombies (Ossuary)
  A shadow imp (D:7)
  An ufetubus (Abyss:3)
  2 oozes
  An adder skeleton (D:7)
  3 adder zombies
  5 worms
  2 dart slugs (D:1)
  A giant gecko (D:1)
  78 orcs
  14 bats
  4 giant cockroaches
  17 hobgoblins
  3 jackals
  4 quokkas
  A giant cockroach zombie (D:6)
  A giant gecko skeleton (D:6)
  7 giant newts
  A gnoll zombie (Ossuary)
  7 goblins
  A goblin zombie (Ossuary)
  A hobgoblin zombie (Ossuary)
  16 kobolds
  3 kobold zombies (Ossuary)
  An orc zombie (Ossuary)
  2 quokka skeletons
  A quokka zombie (D:7)
  15 rats
  A bush (Lair:4)
  A butterfly (Lair:4)
  3 fungi (D:8)
  A lurking horror (Abyss:3)
  A plant (D:6)
1269 creatures vanquished.

Vanquished Creatures (collateral kills)
  3 golden dragons
  A lich (Depths:2)
  A deep elf blademaster (Elf:3)
  A tentacled starspawn (Abyss:3)
  A sphinx (Depths:4)
  Agnes (D:14)
  3 deep elf sorcerers
  An orc warlord (Orc:2)
  A fire giant (Depths:5)
  4 very ugly things
  3 vampire knights
  A lorocyproca (Abyss:3)
  2 stone giants (Depths:2)
  A deep elf annihilator (Elf:3)
  A green draconian (Depths:5)
  A yellow draconian (Depths:5)
  2 spark wasps (Depths:4)
  3 ettins
  A deep elf death mage (Elf:3)
  A green death (Abyss:3)
  A yaktaur captain (D:15)
  2 vault guards (D:13)
  A fire dragon (Depths:4)
  A deep elf high priest (Depths:4)
  A rakshasa (Depths:1)
  An ice dragon (Depths:2)
  2 hydras
  2 death yaks
  A centaur warrior (D:13)
  A monstrous demonspawn (Depths:2)
  5 ogre magi
  3 dancing weapons
  3 tengu warriors
  3 deep troll shamans
  A spriggan berserker (Depths:5)
  4 deep elf knights
  3 sun demons
  A quicksilver dragon simulacrum (Depths:4)
  A giant orange brain (Depths:2)
  2 deep trolls
  A hell knight (Depths:4)
  An orc knight (Orc:2)
  An orc sorcerer (Orc:2)
  A flayed ghost (Depths:5)
  A wizard (Depths:2)
  7 deep elf magi
  A manticore (D:12)
  The ghost of tstbtto the Carver, a novice HEFi of Cheibriados (D:8)
  2 ugly things
  A moth of wrath (shapeshifter) (Depths:4)
  A smoke demon (Abyss:3)
  3 black mambas
  An orange demon (Depths:2)
  A spiny frog (Lair:2)
  3 komodo dragons
  A yaktaur (Depths:4)
  A freezing wraith (Depths:4)
  An efreet (Depths:4)
  An ancient zyme (Abyss:3)
  A red devil (Depths:4)
  2 trolls
  Prince Ribbit (D:8)
  A tengu conjurer (Depths:3)
  3 two-headed ogres (Depths:2)
  6 blink frogs
  A slime creature (D:12)
  A redback (Lair:6)
  3 air elementals (WizLab)
  A wraith (D:13)
  2 spriggans
  A fire elemental (D:13)
  2 yaks (Lair:1)
  A water elemental (Elf:2)
  2 wyverns
  2 hogs (D:15)
  A basilisk (Lair:4)
  2 hippogriffs
  A chaos spawn (Abyss:3)
  Menkaure (D:6)
  A vampire mosquito (Lair:4)
  An insubstantial wisp (WizLab)
  2 soldier ants (Lair:3)
  A hell hound (D:13)
  5 water moccasins
  6 orc warriors
  2 phantoms (D:11)
  An ice beast (D:5)
  A sky beast (D:13)
  An eye of draining (Abyss:3)
  A wasp (Depths:5)
  7 wolves
  A boggart (Lair:6)
  3 centaurs
  5 ogres
  A big kobold (D:11)
  3 giant frogs
  A gnoll sergeant (D:6)
  5 scorpions
  A wight (D:15)
  3 crimson imps
  2 hounds
  2 human zombies (Ossuary)
  Crazy Yiuf (D:2)
  2 centaur skeletons
  5 orc priests
  A giant frog skeleton (D:5)
  A gnoll shaman (D:6)
  5 orc wizards
  An iguana (Lair:3)
  8 worker ants
  7 sheep
  A big kobold zombie (Ossuary)
  4 gnolls
  4 scorpion zombies (Ossuary)
  An adder (D:9)
  10 river rats
  A shadow imp (D:15)
  2 giant geckos
  29 orcs
  A bat (D:8)
  A goblin (D:12)
  4 hobgoblins
  3 kobolds
  A kobold zombie (Ossuary)
  A crawling corpse (Elf:3)
  4 fungi
  A lurking horror (Abyss:3)
  3 plants (D:8)
  3 starspawn tentacles (Abyss:3)
298 creatures vanquished.

Vanquished Creatures (others)
  A deep elf master archer (Elf:3)
  A tengu reaver (Depths:3)
  A fire giant (Depths:3)
  A frost giant (Depths:3)
  A stone giant (Depths:3)
  A vampire knight (Depths:5)
  An ettin (Depths:3)
  A great orb of eyes (Depths:3)
  A vault guard (D:13)
  A centaur warrior (D:15)
  An ogre mage (Abyss:3)
  A spriggan berserker (Depths:3)
  A hell knight (Depths:4)
  A deep elf archer (Elf:3)
  A two-headed ogre (Depths:1)
  A flying skull (Depths:4)
  2 shadows
  A small abomination (Abyss:3)
  A water moccasin (shapeshifter) (Depths:3)
  An ettin simulacrum (Depths:4)
  2 centaurs (Depths:2)
  An ogre (Depths:1)
  54 hexers
  A worker ant zombie (D:10)
  A gnoll (shapeshifter) (D:15)
  9 fungi
  A lurking horror (Abyss:3)
  16 plants
  6 starspawn tentacles (Abyss:3)
  59 starspawn tentacle segments (Abyss:3)
171 creatures vanquished.

Grand Total: 1738 creatures vanquished

Notes
Turn   | Place    | Note
-------+----------+-------------------------------------------
     0 | D:1      | matakusis the Demonspawn Gladiator began the quest for the Orb.
     0 | D:1      | Reached XP level 1. HP: 16/16 MP: 1/1
    12 | D:1      | You fall through a shaft!
   190 | D:2      | Found a sparkling altar of Nemelex Xobeh.
   191 | D:2      | Found a bloodstained altar of Trog.
   256 | D:2      | Gained mutation: A weak demonic guardian rushes to your aid. [demonic ancestry]
   256 | D:2      | Reached XP level 2. HP: 22/22 MP: 2/2
   479 | D:1      | Gained mutation: You are partially covered in rugged brown scales. (AC +1, +3% HP) [demonic ancestry]
   479 | D:1      | Reached XP level 3. HP: 18/27 MP: 3/3
  1229 | D:2      | Found a runed door.
  1233 | D:2      | Noticed Crazy Yiuf
  1239 | D:2      | Killed Crazy Yiuf
  1339 | D:2      | Gained mutation: You are mostly covered in rugged brown scales. (AC +2, +5% HP) [demonic ancestry]
  1339 | D:2      | Reached XP level 4. HP: 25/35 MP: 4/4
  1445 | D:2      | Found a shadowy altar of Dithmenos.
  1445 | D:2      | Found an oddly glowing altar of Pakellas.
  2269 | D:3      | Gained mutation: You have a pair of small antennae on your head. [demonic ancestry]
  2269 | D:3      | Reached XP level 5. HP: 35/42 MP: 5/5
  2338 | D:3      | Reached skill level 1 in Shields
  2641 | D:4      | Noticed an ogre
  2651 | D:4      | Killed an ogre
  2651 | D:4      | Reached skill level 3 in Fighting
  2810 | D:4      | Reached XP level 6. HP: 49/49 MP: 6/6
  3198 | D:4      | Reached skill level 5 in Dodging
  3208 | D:4      | Upgraded the game from 0.19-a0-926-g4486784 to 0.19-a0-934-gf1df8d1
  3229 | D:5      | Entered Level 5 of the Dungeon
  3291 | D:5      | Found a staircase to the Ecumenical Temple.
  3299 | Temple   | Entered the Ecumenical Temple
  3469 | Temple   | Became a worshipper of Hepliaklqana
  3708 | D:5      | Noticed Sigmund
  3719 | D:5      | Killed Sigmund
  3719 | D:5      | Reached skill level 4 in Fighting
  3719 | D:5      | Reached XP level 7. HP: 56/56 MP: 7/7
  3781 | D:5      | Noticed Blork the orc
  3794 | D:5      | Killed Blork the orc
  4411 | D:6      | Reached * piety under Hepliaklqana
  4446 | D:6      | Noticed tstbtto's ghost (novice HEFi)
  4451 | D:6      | Got a smelly leather armour
  4466 | D:6      | Killed tstbtto's ghost
  4503 | D:6      | Identified the +5 leather armour of Ixeczeew {rN+} (You found it on level 6 of the Dungeon)
  4537 | D:6      | Gained mutation: When hurt, damage is shared between your health and your magic reserves. [demonic ancestry]
  4537 | D:6      | Reached XP level 8. HP: 64/64 MP: 8/8
  4559 | D:6      | Found a sand-covered staircase.
  4574 | Ossuary  | Entered an ossuary
  4661 | Ossuary  | Reached skill level 5 in Long Blades
  4672 | Ossuary  | Reached skill level 5 in Fighting
  4962 | D:6      | Noticed Menkaure
  4969 | D:6      | Killed Menkaure
  5035 | D:6      | Found a sparkling altar of Nemelex Xobeh.
  5084 | D:6      | Noticed Edmund
  5098 | D:6      | Killed Edmund
  5276 | D:6      | Reached ** piety under Hepliaklqana
  5278 | D:6      | Remembered your ancestor Kendra as a hexer
  5383 | D:6      | Gained mutation: You are completely covered in rugged brown scales. (AC +3, +7% HP) [demonic ancestry]
  5383 | D:6      | Reached XP level 9. HP: 67/73 MP: 9/9
  5406 | D:6      | Reached skill level 6 in Fighting
  5862 | D:6      | Gained mutation: You possess an exceptional clarity of mind. [potion of mutation]
  5862 | D:6      | Gained mutation: You are dopey. (Int -2) [potion of mutation]
  5862 | D:6      | Gained mutation: You are clumsy. (Dex -2) [potion of mutation]
  5863 | D:6      | Lost mutation: You are dopey. (Int -2) [potion of cure mutation]
  5863 | D:6      | Lost mutation: You possess an exceptional clarity of mind. [potion of cure mutation]
  5863 | D:6      | Lost mutation: You are clumsy. (Dex -2) [potion of cure mutation]
  6068 | D:7      | Found a large runed door.
  6068 | D:7      | Found a large runed door.
  6087 | D:7      | HP: 3/74 [poisoned by an orc warrior]
  6139 | D:7      | Noticed tstbtto's ghost (novice HEFi)
  6265 | D:7      | Found a large runed door.
  6265 | D:7      | Found a large runed door.
  6768 | D:7      | Killed tstbtto's ghost
  7081 | D:8      | Reached skill level 7 in Fighting
  7092 | D:8      | Reached XP level 10. HP: 77/84 MP: 10/10
  7108 | D:8      | Found a staircase to the Lair.
  7249 | D:8      | Noticed Prince Ribbit
  7462 | D:8      | Killed Prince Ribbit
  7500 | D:8      | Noticed tstbtto's ghost (novice HEFi)
  7508 | D:8      | Killed tstbtto's ghost
  7508 | D:8      | Reached skill level 5 in Shields
  7577 | D:8      | Reached *** piety under Hepliaklqana
  7791 | D:8      | Reached skill level 10 in Dodging
  8389 | D:9      | Reached skill level 8 in Fighting
  8464 | D:9      | Noticed Erolcha
  8465 | D:9      | Noticed a centaur warrior
  8569 | D:9      | Killed Erolcha
  8579 | D:9      | Killed a centaur warrior
  8579 | D:9      | Reached XP level 11. HP: 93/93 MP: 9/11
  8775 | D:9      | Reached **** piety under Hepliaklqana
  8875 | D:9      | Upgraded the game from 0.19-a0-934-gf1df8d1 to 0.19-a0-944-gb338e1e
  8880 | D:10     | Entered Level 10 of the Dungeon
  8930 | D:10     | Found Poyleik's Assorted Antiques.
  8978 | D:10     | Bought a scorched jade amulet for 150 gold pieces
  8979 | D:10     | Identified the amulet of Equilibrium {Faith MR+} (You bought it in a shop on level 10 of the Dungeon)
  9015 | D:10     | Found Bowayn's Armour Emporium.
  9100 | D:10     | Found Yxajack's Book Emporium.
  9499 | D:10     | Gained mutation: Your magical capacity is low. (-10% MP) [mutagenic meat]
  9502 | D:10     | Gained mutation: Your magical capacity is very low. (-20% MP) [mutagenic meat]
  9505 | D:10     | Gained mutation: Scrolls take you a little longer to read. [mutagenic meat]
  9508 | D:10     | Gained mutation: You passively map a small area around you. [mutagenic meat]
  9508 | D:10     | Lost mutation: Scrolls take you a little longer to read. [potion of cure mutation]
  9508 | D:10     | Lost mutation: Your magical capacity is very low. (-20% MP) [potion of cure mutation]
  9508 | D:10     | Lost mutation: Your magical capacity is low. (-10% MP) [potion of cure mutation]
  9508 | D:10     | Lost mutation: You passively map a small area around you. [potion of cure mutation]
  9515 | D:10     | Noticed a six-headed hydra
  9525 | D:10     | Killed a one-headed hydra
  9525 | D:10     | Reached skill level 9 in Fighting
  9701 | D:10     | Found Faut's Armour Shoppe.
  9905 | D:11     | Found Baihoass's Antique Weapon Boutique.
  9930 | D:11     | Killed an unseen horror
 10815 | D:12     | Noticed a brown ugly thing
 10824 | D:12     | Killed a brown ugly thing
 10824 | D:12     | Reached XP level 12. HP: 62/102 MP: 5/12
 10833 | D:12     | HP: 5/102 [titanic slime creature (68)]
 11246 | D:12     | Reached skill level 10 in Fighting
 11263 | D:12     | Found a staircase to the Orcish Mines.
 11270 | D:12     | Paralysed by a wasp for 1 turns
 11749 | D:13     | Noticed a seven-headed hydra
 11756 | D:13     | Noticed a centaur warrior
 11757 | D:13     | Killed a three-headed hydra
 11764 | D:13     | Killed a centaur warrior
 11874 | D:13     | Found an oddly glowing altar of Pakellas.
 11875 | D:13     | Noticed Azrael
 11916 | D:13     | Killed Azrael
 12076 | D:13     | Noticed a vault guard
 12076 | D:13     | Noticed a vault guard
 12077 | D:13     | Noticed a vault guard
 12077 | D:13     | Found a gate to the Vaults.
 12077 | D:13     | Noticed a vault guard
 12077 | D:13     | Noticed a vault guard
 12077 | D:13     | Noticed a vault guard
 12078 | D:13     | Noticed a vault guard
 12079 | D:13     | Noticed a vault guard
 12084 | D:13     | Noticed Nessos
 12093 | D:13     | Killed a vault guard
 12095 | D:13     | Killed a vault guard
 12118 | D:13     | Killed Nessos
 12118 | D:13     | Gained mutation: You have a pair of antennae on your head. [demonic ancestry]
 12118 | D:13     | Reached XP level 13. HP: 78/111 MP: 8/13
 12607 | D:11     | Reached skill level 11 in Fighting
 12907 | Orc:1    | Entered Level 1 of the Orcish Mines
 13081 | Orc:2    | Entered Level 2 of the Orcish Mines
 13102 | Orc:2    | Found a roughly hewn altar of Beogh.
 13135 | Orc:2    | Found a staircase to the Elven Halls.
 13241 | Orc:1    | Reached ***** piety under Hepliaklqana
 13355 | Orc:1    | Found a bloodstained altar of Trog.
 13844 | Orc:2    | Noticed Donald
 13895 | Orc:2    | Killed Donald
 14007 | Orc:2    | Found a roughly hewn altar of Beogh.
 14273 | Orc:2    | Noticed an orc warlord
 14422 | Orc:2    | Found a roughly hewn altar of Beogh.
 14426 | Orc:2    | Found Keuwuh's Gadget Shoppe.
 14567 | Orc:2    | Found a roughly hewn altar of Beogh.
 14672 | Orc:2    | Found a roughly hewn altar of Beogh.
 14673 | Orc:2    | Found Ysohad's Armour Shop.
 14974 | Orc:2    | Paralysed by an orc sorcerer for 5 turns
 14978 | Orc:2    | HP: 1/128 [orc warrior/trident[an orc warlord] (7)]
 15112 | Orc:2    | Paralysed by an orc sorcerer for 5 turns
 15302 | Orc:2    | Killed an orc warlord
 15545 | Orc:2    | Found Zenem's Antique Armour Shoppe.
 15546 | Orc:2    | Found a roughly hewn altar of Beogh.
 15549 | Orc:2    | Found Eggih's Antique Weapon Emporium.
 15560 | Orc:2    | Bought a pair of glowing gloves for 148 gold pieces
 15761 | Lair:1   | Entered Level 1 of the Lair of Beasts
 15879 | Lair:1   | Learned a level 4 spell: Olgreb's Toxic Radiance
 16042 | Lair:1   | Reached skill level 10 in Shields
 16575 | Lair:1   | Gained mutation: You have a pair of large antennae on your head. (SInv) [demonic ancestry]
 16575 | Lair:1   | Reached XP level 14. HP: 120/120 MP: 14/14
 16995 | Lair:2   | Reached skill level 1 in Poison Magic
 17233 | Lair:2   | Reached skill level 10 in Long Blades
 18265 | Lair:3   | Gained mutation: You possess an exceptional clarity of mind. [potion of mutation]
 18265 | Lair:3   | Gained mutation: Your mind is acute. (Int +2) [potion of mutation]
 18265 | Lair:3   | Gained mutation: Your body sometimes deteriorates upon taking damage. [potion of mutation]
 18498 | Lair:3   | Reached ****** piety under Hepliaklqana
 18555 | Lair:3   | Got a pitted scimitar
 18556 | Lair:3   | Identified the +4 scimitar of Pride {speed, Dex+4} (You found it on level 3 of the Lair of Beasts)
 18784 | Lair:4   | Reached skill level 12 in Fighting
 19249 | Lair:4   | Found a staircase to the Snake Pit.
 19287 | Lair:4   | Reached skill level 15 in Dodging
 19512 | Lair:4   | Found a staircase to the Swamp.
 20347 | Lair:5   | Found a staircase to the Slime Pits.
 20347 | Lair:5   | Found a viscous altar of Jiyva.
 20360 | Lair:5   | Gained mutation: You are clumsy. (Dex -2) [potion of mutation]
 20360 | Lair:5   | Lost mutation: You possess an exceptional clarity of mind. [potion of mutation]
 20797 | Lair:6   | Entered Level 6 of the Lair of Beasts
 21772 | Lair:6   | Reached XP level 15. HP: 92/130 MP: 8/15
 23990 | D:14     | Noticed Agnes
 24013 | D:14     | Killed Agnes
 24209 | D:14     | Noticed Rupert
 24557 | D:14     | Killed Rupert
 24870 | D:15     | Entered Level 15 of the Dungeon
 24954 | D:15     | Lost mutation: You are clumsy. (Dex -2) [mutagenic meat]
 24957 | D:15     | Gained mutation: You are robust. (+10% HP) [mutagenic meat]
 24960 | D:15     | Gained mutation: You are agile. (Dex +2) [mutagenic meat]
 24966 | D:15     | Gained mutation: You are very robust. (+20% HP) [mutagenic meat]
 24969 | D:15     | Gained mutation: You have very sharp teeth. [mutagenic meat]
 25059 | D:15     | Reached skill level 13 in Fighting
 25520 | D:15     | Found a staircase to the Depths.
 25567 | D:15     | Noticed Kirke
 25591 | D:15     | Killed Kirke
 25695 | D:15     | Reached skill level 5 in Poison Magic
 25815 | D:15     | Noticed Sonja
 25830 | D:15     | Killed Sonja
 26063 | Depths:1 | Entered Level 1 of the Depths
 26067 | Depths:1 | Found a portal to a secret trove of treasure.
 27125 | Depths:1 | Reached XP level 16. HP: 98/166 MP: 9/16
 27173 | Depths:1 | Found a gateway to Hell.
 27207 | Depths:1 | Got an ichor-stained chain mail
 27219 | Depths:1 | Identified the +12 chain mail "Qystir" {Regen+ Str+3} (You found it on level 1 of the Depths)
 27392 | Depths:1 | Reached skill level 1 in Armour
 27493 | Depths:1 | HP: 8/181 [fire giant/fireball (35)]
 27990 | Elf:1    | Entered Level 1 of the Elven Halls
 28050 | Elf:1    | Found Piac's Antique Weapon Shoppe.
 28050 | Elf:1    | Found Yqiug's Jewellery Boutique.
 28119 | Elf:1    | Lost mutation: Your body sometimes deteriorates upon taking damage. [mutagenic meat]
 28122 | Elf:1    | Gained mutation: Your magical capacity is low. (-10% MP) [mutagenic meat]
 28155 | Elf:1    | Found a magical portal.
 28164 | WizLab   | Entered The Chambers of the Cloud Mage
 28757 | WizLab   | Noticed Weuxkiut
 28780 | WizLab   | Killed Weuxkiut the Cloud Mage
 28946 | WizLab   | Identified Poav Dah's Guide on Lightness
 28955 | WizLab   | Identified the Papyrus of Lightness (You found it in a wizard's laboratory)
 29288 | Elf:1    | Bought the ring of Becafide {Int+6 Slay+6} for 1179 gold pieces
 29737 | Elf:1    | Identified a scroll of acquirement
 29740 | Elf:1    | Got a pair of fine boots
 29747 | Elf:1    | Identified the +0 pair of boots of Servitude {rC++ Int+3} (You acquired it on level 1 of the Elven Halls)
 29917 | Elf:2    | Reached skill level 14 in Fighting
 30201 | Elf:2    | Learned a level 3 spell: Confuse
 30381 | Elf:2    | Found a runed gate.
 30381 | Elf:2    | Found a runed gate.
 30381 | Elf:2    | Found a runed gate.
 30492 | Elf:2    | Noticed a deep elf blademaster
 30505 | Elf:2    | Killed a deep elf blademaster
 30505 | Elf:2    | Reached XP level 17. HP: 177/177 MP: 15/15
 31235 | Elf:3    | Entered Level 3 of the Elven Halls
 31618 | Elf:3    | Found Saucanyps's General Store.
 31684 | Elf:3    | Reached skill level 15 in Fighting
 31735 | Elf:3    | Identified the +7 dire flail "Hydrabane" {holy, Int+3} (You took it off a deep elf mage on level 3 of the Elven Halls)
 31772 | Elf:3    | Gained mutation: You have large cloven feet. [mutagenic meat]
 31775 | Elf:3    | Gained mutation: Your spells are a little harder to cast, but a little more powerful. [mutagenic meat]
 31900 | Elf:3    | Reached skill level 5 in Armour
 31908 | Elf:3    | Noticed a deep elf master archer
 31962 | Elf:3    | Killed a deep elf master archer
 31964 | Elf:3    | Got a fine copper ring
 32037 | Elf:3    | Noticed a deep elf blademaster
 32056 | Elf:3    | Killed a deep elf blademaster
 32084 | Elf:3    | Identified the ring "Feciugru" {rElec rPois MP+9 Str+2 Int-2} (You took it off a deep elf master archer on level 3 of the Elven Halls)
 32276 | Elf:3    | Got a jewelled shortbow
 32338 | Elf:3    | Noticed a deep elf master archer
 32341 | Elf:3    | Killed a deep elf master archer
 32415 | Elf:3    | Gained mutation: A demonic guardian rushes to your aid. [demonic ancestry]
 32415 | Elf:3    | Reached XP level 18. HP: 189/189 MP: 16/16
 32446 | Elf:3    | Identified the +9 shortbow "Luolei" {flame, +Inv rN+} (You found it on level 3 of the Elven Halls)
 32510 | Elf:3    | Got a smoking amber ring
 32520 | Elf:3    | Gained mutation: Your natural rate of healing is unusually fast. [potion of beneficial mutation]
 32521 | Elf:3    | Identified the ring "Ujegism" {rCorr Int+5} (You took it off a deep elf death mage on level 3 of the Elven Halls)
 32589 | Elf:3    | Got a glittering copper amulet
 33450 | Depths:1 | Gained mutation: You have hoof-like feet. [mutagenic meat]
 33453 | Depths:1 | Gained mutation: You are very agile. (Dex +4) [mutagenic meat]
 33470 | Depths:1 | Lost mutation: You have hoof-like feet. [potion of mutation]
 33470 | Depths:1 | Lost mutation: Your mind is acute. (Int +2) [potion of mutation]
 33470 | Depths:1 | Gained mutation: Your flesh is heat resistant. (rF+) [potion of mutation]
 33485 | Depths:1 | Paralysed by a sphinx for 2 turns
 33615 | Depths:1 | Identified the amulet "Qoahedd" {Spirit Str+2} (You took it off a deep elf demonologist on level 3 of the Elven Halls)
 33715 | Depths:1 | Found a one-way gate to the infinite horrors of the Abyss.
 33923 | Depths:1 | Paralysed by a vampire knight for 6 turns
 33974 | Depths:1 | Gained mutation: You are resistant to hostile enchantments. (MR+) [mutagenic meat]
 33980 | Depths:1 | Lost mutation: You are very agile. (Dex +4) [mutagenic meat]
 34062 | Depths:1 | Reached skill level 16 in Fighting
 34093 | Depths:1 | You paid a toll of a +3 gold dragon armour to enter a treasure trove
 34094 | Trove    | Entered a treasure trove
 34134 | Trove    | Got a heavily runed steel ring
 34136 | Trove    | Got a steaming tin ring
 34145 | Trove    | Identified the ring "Unotor" {Fire rN+ SInv} (You found it in a treasure trove)
 34148 | Trove    | Identified the ring of Myjeemos {rCorr rF++ rC+ Dex+2} (You found it in a treasure trove)
 34158 | Trove    | Got a crude bone ring
 34165 | Trove    | Identified the ring "Zenac" {-Tele Str+9 Dex+3 Slay+2} (You found it in a treasure trove)
 34168 | Trove    | Got a twitching wooden ring
 34175 | Trove    | Identified the ring "Tuiren" {Fire rN+ Int+3} (You found it in a treasure trove)
 34181 | Trove    | Got a scorched bone amulet
 34191 | Trove    | Identified the amulet "Coats" {RegenMP SInv} (You found it in a treasure trove)
 34514 | Depths:2 | Found a one-way gate leading to the halls of Pandemonium.
 34632 | Depths:2 | Gained mutation: You are somewhat resistant to further mutation. [mutagenic meat]
 34647 | Depths:2 | Gained mutation: Your mind is acute. (Int +2) [mutagenic meat]
 34800 | Depths:2 | Noticed a lich
 34810 | Depths:2 | Killed a lich
 34846 | Depths:2 | Noticed a lich
 34852 | Depths:2 | Killed a lich
 34929 | Depths:2 | Learned a level 2 spell: Swiftness
 35016 | Depths:2 | Noticed a lich
 35022 | Depths:2 | Killed a lich
 35229 | Depths:3 | Noticed Bai Suzhen
 35278 | Depths:3 | Noticed Jory
 35296 | Depths:3 | Killed Jory
 35296 | Depths:3 | Reached skill level 15 in Shields
 35297 | Depths:3 | Noticed a lich
 35300 | Depths:3 | Reached XP level 19. HP: 194/201 MP: 17/17
 35311 | Depths:3 | Killed a lich
 35338 | Depths:3 | Killed Bai Suzhen
 35409 | Depths:3 | Noticed Mara
 35431 | Depths:3 | Noticed matakusis's illusion
 35464 | Depths:3 | Killed Mara
 35844 | Depths:3 | Reached skill level 17 in Fighting
 35857 | Depths:3 | Noticed a caustic shrike
 35860 | Depths:3 | Noticed a caustic shrike
 35863 | Depths:3 | Killed a caustic shrike
 35866 | Depths:3 | Killed a caustic shrike
 35965 | Depths:3 | Noticed a golden dragon
 35975 | Depths:3 | Killed a golden dragon
 36167 | Depths:3 | Paralysed by a vampire knight for 3 turns
 36444 | Depths:4 | Found a glowing golden altar of the Shining One.
 36500 | Depths:4 | Got an ichor-stained leather armour
 36511 | Depths:4 | Identified the +3 leather armour of Eternal Night {Str+3 Int+2} (You found it on level 4 of the Depths)
 36680 | Depths:4 | Noticed a juggernaut
 36687 | Depths:4 | Reached XP level 20. HP: 200/214 MP: 16/18
 36706 | Depths:4 | Killed a juggernaut
 36820 | Depths:4 | HP: 3/230 [shadow dragon/bolt of negative energy (33)]
 37064 | Depths:4 | Noticed a golden dragon
 37064 | Depths:4 | Reached skill level 18 in Fighting
 37066 | Depths:4 | Reached skill level 15 in Long Blades
 37081 | Depths:4 | Killed a golden dragon
 37099 | Depths:4 | Noticed a golden dragon
 37102 | Depths:4 | Cast into level 3 of the Abyss (an ogre mage)
 37226 | Abyss:3  | Noticed a bone dragon
 37245 | Abyss:3  | Killed a bone dragon
 37276 | Abyss:3  | Noticed a bone dragon
 37285 | Abyss:3  | Got a steaming long sword
 37372 | Depths:4 | Escaped the Abyss
 37388 | Depths:4 | Killed a golden dragon
 37466 | Depths:4 | Identified the +6 long sword of Xom's Pride {drain, +Fly rElec Str+4} (You found it on level 3 of the Abyss)
 37753 | Depths:4 | Found a snail-covered altar of Cheibriados.
 37800 | Depths:4 | Got a flickering gossamer ring
 37801 | Depths:4 | Got an iridescent falchion {slice}
 37805 | Depths:4 | Identified the +8 falchion of Peace {slice, +Inv rC- rN+} (You took it off a tengu warrior on level 4 of the Depths)
 37807 | Depths:4 | Identified the ring "Osemeu" {rCorr rC- Dex+5 Slay+6 SInv} (You took it off a tengu warrior on level 4 of the Depths)
 37990 | Depths:4 | Found a sacrificial altar of Ru.
 38149 | Depths:4 | Found a radiant altar of Vehumet.
 38150 | Depths:4 | Found a gateway to a ziggurat.
 38306 | Depths:5 | Entered Level 5 of the Depths
 38309 | Depths:5 | Noticed Frederick
 38323 | Depths:5 | Killed Frederick
 38323 | Depths:5 | Gained mutation: You regenerate magic rapidly. [demonic ancestry]
 38323 | Depths:5 | Reached XP level 21. HP: 226/226 MP: 19/19
 38453 | Depths:5 | Lost mutation: Your spells are a little harder to cast, but a little more powerful. [potion of cure mutation]
 38453 | Depths:5 | Lost mutation: Your mind is acute. (Int +2) [potion of cure mutation]
 38453 | Depths:5 | Lost mutation: You are resistant to hostile enchantments. (MR+) [potion of cure mutation]
 38453 | Depths:5 | Lost mutation: You are very robust. (+20% HP) [potion of cure mutation]
 38455 | Depths:5 | Gained mutation: You are very agile. (Dex +4) [potion of beneficial mutation]
 38845 | Depths:5 | Reached skill level 10 in Armour
 39040 | Depths:5 | Reached skill level 19 in Fighting
 39054 | Depths:5 | Noticed a golden dragon
 39060 | Depths:5 | Killed a golden dragon
 39122 | Depths:5 | Found a gate to the Realm of Zot.
 39554 | Depths:2 | Found a huge runed gate.
 39554 | Depths:2 | Found a huge runed gate.
 39554 | Depths:2 | Found a huge runed gate.
 39554 | Depths:2 | Found a huge runed gate.
 39554 | Depths:2 | Found a huge runed gate.
 39554 | Depths:2 | Found a huge runed gate.
 39554 | Depths:2 | Found a huge runed gate.
 39554 | Depths:2 | Found a huge runed gate.
 39554 | Depths:2 | Found a huge runed gate.
 39554 | Depths:2 | Found a huge runed gate.
 39554 | Depths:2 | Found a huge runed gate.
 39554 | Depths:2 | Found a huge runed gate.
 39554 | Depths:2 | Found a huge runed gate.
 39554 | Depths:2 | Found a huge runed gate.
 39554 | Depths:2 | Found a huge runed gate.
 39554 | Depths:2 | Found a huge runed gate.
 39554 | Depths:2 | Found a huge runed gate.
 39554 | Depths:2 | Found a huge runed gate.
 39554 | Depths:2 | Found a huge runed gate.
 39554 | Depths:2 | Found a huge runed gate.
 39572 | Depths:2 | Noticed a golden dragon
 39576 | Depths:2 | Paralysed by a lich for 7 turns
 39580 | Depths:2 | HP: 8/226 [quicksilver dragon (5)]
 39580 | Depths:2 | Slain by a titan

Vault maps used:
D:1:      dpeg_arrival_pits, serial_bayou_pond_a
D:2:      minmay_wonky_spiral, grunt_temple_overflow_open,
          uniq_crazy_yiuf_cottage
D:4:      first_bread
D:5:      roderic_serpentine_path, uniq_blork_the_orc, uniq_sigmund
D:6:      kennysheep_housing_project, enter_ossuary_2, st_stairs_8,
          nemelex_altar_shiori, uniq_edmund, uniq_menkaure
D:7:      minmay_hollow_rounded_squares
D:8:      due_lair_maze_entry_diamond, uniq_prince_ribbit1
D:9:      uniq_erolcha
D:10:     serial_shops, shop, nicolae_shop_behind_doors,
          nicolae_shop_waterfront, shop, minmay_the_grid_3x3
D:11:     serial_shops, nicolae_shop_behind_doors
D:12:     erik_orc_3
D:13:     erik_vaults_2, basic_altar, uniq_azrael, uniq_nessos
D:14:     uniq_rupert, uniq_agnes
D:15:     grunt_enter_depths_snipers, small_statue_intersection, uniq_kirke,
          uniq_sonja
Temple:   dpeg_five_rooms_temple
Lair:3:   zaba_antful_of_joy, grunt_megastairs_1, serial_bayou_shore_b
Lair:4:   minmay_swamp_entry_swarm, guppyfry_snake_entry_garden,
          minmay_lair_oklob_bushes, serial_bayou_shore_b, serial_bayou_shore_b,
          lemuel_fruit_fields, lemuel_fruit_tree, infiniplex_staircase_pool_2
Lair:5:   slime_altar_1, serial_bayou_shore_a
Lair:6:   minmay_lair_end_enchanted_forest
Orc:1:    trog_butcher_becter
Orc:2:    grunt_orc_community_town_hall, grunt_orc_community_big_house_1,
          grunt_orc_community_big_house_2, grunt_orc_community_house_1,
          grunt_orc_community_house_3, grunt_orc_community_house_1,
          grunt_orc_community_house_3, minmay_orc_barracks, uniq_donald
Elf:1:    minmay_elf_arrival_plus, mu_enter_wizlab_6, serial_shops, shop, shop,
          hangedman_elf_disciples
Elf:2:    grunt_ministairs_6
Elf:3:    grunt_elf_hall_spiral, serial_shops,
          nicolae_shop_temple_entry_statues_fountains
Depths:1: hangedman_decor_growths, lightli_too_deep, abyss_entry, enter_trove_3,
          kennysheep_generic_room_3
Depths:2: cheibrodos_lost_city_excavation, abyss_entry, pf_coc_iceberg,
          nrook_uturn, rand_demon_pan_entry_8, reverse_door_vault,
          infiniplex_staircase_door_maze
Depths:3: thingy_vault, pan_entry, hell_entry, infiniplex_staircase_squiggle,
          serial_bayou_shore_b, grunt_megastairs_4, firewood_loft,
          serial_bayou_shore_b, uniq_mara, uniq_jory, uniq_bai_suzhen
Depths:4: grunt_profane_halls, abyss_entry, pan_entry, hell_entry
Depths:5: grunt_zot_entry_hairpin, hex_tiny, hell_entry, uniq_frederick
Abyss:3:  onia_ninara_dug_in_and_dangerous
Trove:    trove_jewel_2
Ossuary:  ossuary_minmay_scorpions
WizLab:   wizlab_cloud

Skill      XL: |  1  2  3  4  5  6  7  8  9 10 11 12 13 14 15 16 17 18 19 20 21 |
---------------+----------------------------------------------------------------+-----
Dodging        | 3 4 5 6 7 9 10 12 13 14 15 16 17 | 17.6
Long Blades    | 3 4 5 6 7 8 9 10 11 12 13 14 15 16 | 16.0
Shields        | 1 2 3 4 5 7 8 10 11 12 13 14 15 16 17 | 17.3
Fighting       | 3 4 5 7 8 9 10 11 12 13 14 15 16 17 18 19 | 19.4
Poison Magic   | 3 5 |  5.4
Armour         | 3 5 7 8 9 10 | 10.2
Throwing       | |  1.7
Evocations     | |  0.2

Action                   |  1- 3 |  4- 6 |  7- 9 | 10-12 | 13-15 | 16-18 | 19-21 || total
-------------------------+-------+-------+-------+-------+-------+-------+-------++-------
Melee: Long sword        |   115 |   282 |   592 |  1062 |  1283 |       |       ||  3334
       Scimitar          |       |       |       |       |  1755 |  1223 |       ||  2978
       Bite              |       |       |       |       |    93 |   336 |   214 ||   643
       Unarmed           |       |       |       |       |     9 |       |     3 ||    12
       Double sword      |       |       |       |       |       |   373 |   916 ||  1289
Throw: Throwing net      |     2 |       |     2 |       |     4 |       |       ||     8
       Tomahawk          |       |       |       |       |     7 |       |       ||     7
Invok: Ancestor Life: He |       |       |     1 |       |       |       |       ||     1
       Recall Ancestor   |       |       |     2 |     3 |    10 |     4 |     1 ||    20
Evoke: Wand              |       |       |     1 |       |       |     1 |       ||     2
       Lamp of fire      |       |       |     1 |       |       |       |       ||     1
       Sack of spiders   |       |       |       |       |       |       |     1 ||     1
  Use: Scroll            |       |    11 |     8 |     4 |    16 |    24 |    11 ||    74
       Potion            |       |     5 |     8 |     7 |    11 |     3 |    15 ||    49
 Stab: Sleeping          |     1 |     5 |     1 |     3 |     8 |       |       ||    18
       Distracted        |       |     2 |     5 |    17 |    46 |    18 |    20 ||   108
       Confused          |       |       |     2 |    17 |    55 |    11 |    41 ||   126
       Held in net/web   |       |       |     1 |       |     5 |       |       ||     6
       Paralysed         |       |       |       |       |    55 |    33 |    29 ||   117
  Eat: Chunk             |     2 |     7 |     8 |    22 |    37 |    37 |    28 ||   141
       Royal jelly       |       |     1 |       |       |     1 |     1 |     1 ||     4
       Meat ration       |       |       |     1 |       |     3 |     2 |       ||     6
       Pizza             |       |       |       |       |     4 |     1 |     3 ||     8
       Beef jerky        |       |       |       |       |       |     1 |       ||     1
Armor: Leather armour    |    23 |    64 |    88 |    30 |       |       |       ||   205
       Troll leather arm |       |       |       |   114 |   399 |       |       ||   513
       Troll hide        |       |       |       |     1 |       |       |       ||     1
       Chain mail        |       |       |       |       |       |   357 |   226 ||   583
Dodge: Dodged            |    53 |   123 |   301 |   640 |  2013 |   584 |   505 ||  4219
Block: Buckler           |     5 |    30 |    99 |    57 |       |       |       ||   191
       Shield            |       |       |       |   394 |  1523 |   685 |   534 ||  3136
       Reflection        |       |       |       |       |    27 |    69 |    27 ||   123
